 Dungeon Crawl Stone Soup version 0.29-a0-925-g0a7a3d12f8 (webtiles) character file.

Game seed: 6108856636283600124

91 mainiacjoe the Chopper (level 4, -2/37 HPs)
             Began as a Palentonga Abyssal Knight on July 28, 2022.
             Was a Believer of Lugonu.
             Slain by Grinder (4 damage)
             ... on level 3 of the Dungeon.
             The game lasted 00:06:44 (1684 turns).

mainiacjoe the Chopper (Palentonga Abyssal Knight)  Turns: 1684, Time: 00:06:45

Health: -2/37      AC:  6    Str: 18    XL:     4   Next: 33%
Magic:  5/5        EV:  7    Int: 10    God:    Lugonu [**....]
Gold:   39         SH:  0    Dex: 11    Spells: 3/3 levels left

rFire   . . .      SeeInvis +   a - +2 hand axe
rCold   . . .      Faith    .   (no shield)
rNeg    . . .      Spirit   .   h - +0 scale mail
rPois   .          Reflect  .   (no helmet)
rElec   .          Harm     +   l - scarf {harm}
rCorr   .          Rampage  .   (no gloves)
Will    .....                   (no barding)
Stlth   ..........              (no amulet)
HPRegen 0.12/turn               (no ring)
MPRegen 0.09/turn               (no ring)

@: invisible
A: large, rugged brown scales 3, see invisible, deformed body, roll 1, armoured
tail
a: Rolling Charge, Renounce Religion, Depart the Abyss, Bend Space


You were on level 3 of the Dungeon.
You worshipped Lugonu.
Lugonu was pleased with you.
You visited 1 branch of the dungeon, and saw 3 of its levels.
You visited the Abyss 1 time.

You collected 117 gold pieces.
You spent 78 gold pieces at shops.

Inventory:

Hand Weapons
 a - a +2 hand axe (weapon)
Missiles
 c - 24 stones (quivered)
 e - 8 javelins {=F}
 m - 4 poisoned darts
Armour
 b - a +0 leather armour
 h - a +0 scale mail (worn)
 j - a +0 chain mail
 k - a +0 ring mail
 l - a scarf of harm (worn)
Scrolls
 g - 3 scrolls of enchant weapon
 n - a scroll of vulnerability {unknown}
 p - a scroll of blinking {unknown}
 r - a scroll of teleportation
Potions
 d - a potion of attraction
 i - a potion of resistance {unknown}
 o - a potion of heal wounds {unknown}
 q - a potion of curing {unknown}
 s - a potion of lignification {unknown}


   Skills:
 - Level 3.0 Fighting
 + Level 4.6 Axes
 - Level 1.5 Armour
 - Level 0.7 Dodging
 - Level 2.0 Invocations


You had 3 spell levels left.
You didn't know any spells.
Your spell library contained the following spells:

 Spells                   Type           Power      Damage    Failure   Level
 Summon Small Mammal      Summ           0%         N/A       77%         1
 Call Canine Familiar     Summ           0%         N/A       98%         3
 Summon Guardian Golem    Hex/Summ       0%         N/A       98%         3


Dungeon Overview and Level Annotations

Branches:
Dungeon (3/15)

Altars:
Ru

Shops:
D:2 ?

Annotations:
D:3 Grinder


Innate Abilities, Weirdness & Mutations

You are completely covered in rugged brown scales. (AC +3, +7% HP)
You have supernaturally acute eyesight. (SInv)
Armour fits poorly on your strangely shaped body.
You can roll at nearby foes to attack.
You have a long armoured tail.


Message History

Grinder hits you.
You writhe in agony.
An adder comes into view.
You hit Grinder.
Grinder is heavily wounded.
A ball python comes into view.
Grinder hits you but does no damage.
You barely miss Grinder.
Your tail-slap misses Grinder.
Grinder is heavily wounded.
You hit the rat.
You kill the rat!
Lugonu accepts your kill. Grinder hits you.
You writhe in agony.
You hit Grinder.
You tail-slap Grinder, but do no damage.
Grinder is severely wounded.
Grinder gestures at you. You resist with significant effort.
You hit Grinder.
Grinder is severely wounded.
You hit the adder but do no damage. The adder bites you.
Grinder gestures at you.
You suddenly lose the ability to move!
The adder bites you but does no damage. Grinder hits you.
You writhe in agony.
The adder bites you but does no damage.
You can move again.
You are too injured to fight recklessly!
You closely miss Grinder.
Your tail-slap misses Grinder.
Grinder is severely wounded.
You hit the adder. Grinder hits you.
* * * LOW HITPOINT WARNING * * *
The adder bites you but does no damage. The ball python bites you.
* * * LOW HITPOINT WARNING * * *
It was a potion of invisibility.
You fade into invisibility!
The adder bites you.
* * * LOW HITPOINT WARNING * * *
Grinder hits you.
* * * LOW HITPOINT WARNING * * *
You writhe in agony.
You die...

#.# #.#
#.#####.# #.#
#.#.....# #.#
#.#.##### ...
#.#.######.###
#.#........
#.#....###. ##.
#...>.S###.....
#.?...S@......#
##....5######.#
##....# ##.#†#
#.#.# #....
#..... ##....#
#.#.#


You could see Grinder (unable to see you), an adder (unable to see you) and a
ball python (unable to see you).

Vanquished Creatures
  5 adders
  2 dart slugs
  5 endoplasms
  2 giant cockroaches
  7 goblins
  4 hobgoblins
  2 quokkas
  2 bats (D:1)
  4 frilled lizards (D:2)
  4 kobolds
  5 rats
42 creatures vanquished.

Notes
Turn   | Place    | Note
-------+----------+-------------------------------------------
     0 | Abyss:1  | mainiacjoe the Palentonga Abyssal Knight began the quest
                  | for the Orb.
     0 | Abyss:1  | Reached XP level 1. HP: 19/19 MP: 2/2
    52 | Abyss:1  | Noticed a bone dragon
    52 | Abyss:1  | Noticed a small abomination
    53 | D:1      | Escaped the Abyss
   246 | D:1      | Reached XP level 2. HP: 20/25 MP: 3/3
   343 | D:1      | Reached skill level 3 in Axes
   534 | D:1      | Found a faded altar of an unknown god.
   858 | D:2      | Reached XP level 3. HP: 25/31 MP: 4/4
  1006 | D:2      | Reached skill level 4 in Axes
  1181 | D:2      | Reached XP level 4. HP: 37/37 MP: 5/5
  1231 | D:2      | Found Folycree's Magic Scroll Emporium.
  1239 | D:2      | Bought a scroll of teleportation for 39 gold pieces
  1239 | D:2      | Bought a scroll of identify for 26 gold pieces
  1239 | D:2      | Bought a scroll of noise for 13 gold pieces
  1380 | D:2      | Found a sacrificial altar of Ru.
  1673 | D:3      | Noticed Grinder
  1681 | D:3      | Paralysed by Grinder for 2 turns
  1684 | D:3      | Slain by Grinder

Illustrated notes

Levels and vault maps discovered:
D:1:      minmay_arrival_shattered_statue, layout_rooms,
          dilly_ecumenical_altar_fadedgnrine, minmay_crystal_room
D:2:      layout_loops_ring, basic_altar, serial_shops, shop
D:3:      layout_loops_ring, lemuel_round_altar, st_stairs_8,
          minmay_misc_feat_cross, kennysheep_generic_room_3, uniq_grinder

Skill      XL: |  1  2  3 |
---------------+----------+-----
Axes           | 3 4 |  4.6
Fighting       | |  3.0
Armour         | |  1.5
Dodging        | |  0.7
Invocations    | |  2.0

Action                   |  1- 3 |  4- 6 || total
-------------------------+-------+-------++-------
Melee: Hand axe          |    59 |    23 ||    82
       Tailslap          |     5 |     3 ||     8
       Punch             |       |     1 ||     1
Throw: Stone             |    30 |     8 ||    38
       Dart              |     4 |       ||     4
Invok: Depart the Abyss  |     1 |       ||     1
 Abil: Rolling Charge    |    22 |     6 ||    28
  Use: Scroll            |     1 |     1 ||     2
       Potion            |       |     1 ||     1
Armor: Leather armour    |     4 |       ||     4
       Scale mail        |     6 |    10 ||    16
Dodge: Dodged            |    15 |     5 ||    20

Table legend: (Time is in decaauts)
 A = Elapsed time spent in this place.
 B = Non-inter-level travel time spent in this place.
 C = Inter-level travel time spent in this place.
 D = Time resting spent in this place.
 E = Time spent auto-exploring this place.
 F = Levels seen in this place.
 G = Mean time per level.
                   A        B        C        D        E       F      G
               +--------+--------+--------+--------+--------+-----+--------+
         Total |   1697 |   1601 |     96 |      0 |   1333 |   4 |  424.2 |
       Dungeon |   1644 |   1548 |     96 |      0 |   1281 |   3 |  548.0 |
         Abyss |     53 |     53 |      0 |      0 |     52 |   1 |   53.0 |
               +--------+--------+--------+--------+--------+-----+--------+

Top non-repeatable levels by time:
     D:2: 800 daAuts
     D:1: 794 daAuts
 Abyss:1: 53 daAuts
     D:3: 49 daAuts
